 Dungeon Crawl Stone Soup version bcrawl-1.34.2 (webtiles) character file.

Game seed: 249160835512462040

496824 Turgor the Frost Mage (level 12, -1/66 HPs)
             Began as a Fairy Ice Elementalist on Sept 20, 2021.
             Was a Believer of Sif Muna.
             Killed from afar by an ice dragon (32 damage)
             ... with a blast of cold
             ... in an ice cave on Sept 29, 2021.
             The game lasted 01:17:04 (10528 turns).

Turgor the Frost Mage (Fairy Ice Elementalist)     Turns: 10528, Time: 01:17:04

Health: -1/66      AC: 10    Str:  6    XL:     12   Next: 79%
Magic:  23/31      EV: 20    Int: 21    God:    Sif Muna [**....]
Gold:   854        SH:  7    Dex: 19    Spells: 26/38 levels left

rFire    . . .     SeeInvis .   M - staff of conjuration
rCold    . . .     Gourm    .   (shield currently unavailable)
rNeg     . . .     Faith    .   (armour unavailable)
rPois    .         Spirit   .   (no helmet)
rElec    .         Reflect  .   q - +0 cloak
rCorr    +         Harm     .   y - +0 pair of gloves {Dex+3}
MR       +....                  r - +0 pair of boots
Stlth    +.........             N - amulet of the acrobat
HPRegen  0.21/turn              L - ring of resist corrosion
MPRegen  0.22/turn              z - ring of wizardry

@: flying evasively
A: small, magic attunement, unstealthy, unfitting armour, able to fly, AC/SH +7
a: Stop Flying, Divine Energy, Renounce Religion


You were in an ice cave.
You worshipped Sif Muna.
Sif Muna was pleased with you.
You were not hungry.

You visited 3 branches of the dungeon, and saw 12 of its levels.
You also visited: Ice Cave.

You collected 854 gold pieces.

Inventory:

Hand Weapons
 a - the +7 falchion of Peace {holy, rN+}
   (You found it on level 4 of the Dungeon)

   It has been blessed by the Shining One to cause great damage to the undead
   and demons.
   It protects you from negative energy.
 p - a +0 blowgun
 v - a +2 dagger of flaming
 K - a +4 scimitar of flaming
Missiles
 o - 212 poisoned needles
 I - 2 throwing nets {=f}
Armour
 k - a +0 medium shield
 q - a +0 cloak (worn)
 r - a +0 pair of boots (worn)
 y - a +0 pair of gloves of dexterity (worn)
Magical Staves
 M - an uncursed staff of conjuration (weapon)
Jewellery
 u - an uncursed ring of see invisible
 z - a ring of wizardry (right hand)
 L - a ring of resist corrosion (left hand)
 N - an amulet of the acrobat (around neck)
Wands
 B - a wand of acid (5)
 E - a wand of digging (17)
Scrolls
 f - 4 scrolls of remove curse
 g - 3 scrolls of magic mapping
 i - 3 scrolls of identify
 l - 2 scrolls of enchant armour {unknown}
 m - 3 scrolls of noise {unknown}
 n - 12 scrolls of teleportation
 s - 2 scrolls of fog {unknown}
 t - 2 scrolls of fear {unknown}
 w - a scroll of blinking {unknown}
 A - 3 scrolls of enchant weapon
 J - a scroll of immolation {unknown}
Potions
 b - a potion of brilliance
 c - 4 potions of mutation
 d - 3 potions of might
 h - a potion of cancellation
 j - 3 potions of curing
 x - 2 potions of agility
 C - a potion of heal wounds
 D - a potion of magic
 G - a potion of invisibility
Comestibles
 e - 27 rations {!d}


   Skills:
 - Level 5.0 Dodging
 - Level 1.5 Stealth
 + Level 13.8 Spellcasting
 + Level 11.7 Conjurations
 * Level 14.5 Ice Magic
 * Level 7.2 Air Magic


You had 26 spell levels left.
You knew the following spells:

 Your Spells              Type           Power        Failure   Level  Hunger
a - Freeze                Ice            ######       0%          1    None
b - Throw Frost           Conj/Ice       ######       1%          2    None
c - Ozocubu's Armour      Chrm/Ice       #####...     1%          3    None
d - Throw Icicle          Conj/Ice       #######.     1%          4    None
e - Magic Dart            Conj           ####         1%          1    None
f - Shock                 Conj/Air       #####        1%          1    None

Your spell library contained the following spells:

 Spells                   Type           Power        Failure   Level  Hunger
 Corona                   Hex            ##.....      1%          1    None
 Ensorcelled Hibernation  Hex/Ice        #####.       1%          2    None
 Dazzling Orbs            Conj/Hex       ######.      1%          3    None
 Stone Arrow              Conj/Erth      ######       1%          3    None
 Ice Form                 Ice/Tmut       #####...     1%          4    None
 Summon Ice Beast         Ice/Summ       #####...     1%          4    None
 Call Canine Familiar     Summ           ##......     5%          3    None
 Confuse                  Hex            ##......     5%          3    None
 Tukima's Dance           Hex            ##......     5%          3    None
 Cause Fear               Hex            ##........   17%         4    None
 Summon Forest            Summ/Tloc      ##........   43%         5    None
 Summon Mana Viper        Hex/Summ       ##......     43%         5    None
 Chain Lightning          Conj/Air       ######....   90%         8    None
 Borgnjor's Vile Clutch   Necr/Erth      ##........   92%         6    None
 Darkness                 Hex            ##........   92%         6    None
 Infestation              Hex/Tmut/Pois  ##.......    92%         6    None
 Summon Hydra             Summ           ##........   92%         6    None
 Monstrous Menagerie      Summ           ##........   100%        7    None
 Shadow Creatures         Summ           N/A          100%        7    None
 Time Stop                Chrm/Tloc      N/A          100%        8    None
 Fire Storm               Conj/Fire      ######....   100%        9    None


Dungeon Overview and Level Annotations

Branches:
Dungeon (8/12)             Temple (1/1) D:7            Lair (3/6) D:8
 Spider (0/3) Lair:2
  Swamp: Lair:2-4    Shoals: Lair:2-4       Orc: D:8-11

Altars:
Ashenzari
Cheibriados
Dithmenos
Elyvilon
Fedhas
Gozag
Hepliaklqana
Kikubaaqudgha
Lugonu
Makhleb
Nemelex Xobeh
Okawaru
Qazlal
Ru
Sif Muna
Trog
Uskayaw
Vehumet
Wu Jian
Xom
Yredelemnul
Zin
The Shining One

Shops:
D:6 %

Annotations:
D:2 1 runed door


Innate Abilities, Weirdness & Mutations

Your spells do not cause hunger and MP costs are reduced by 1.
Your bright wings attract enemies. (Stealth-)
You cannot fit into any form of body armour.
Your shimmering scales are hard and can block incoming attacks. (AC +7, SH +7)
You are small and have problems with some larger weapons.
You can fly continuously.


Message History

The ice dragon is moderately wounded.
You are engulfed in freezing vapours.
Casting: Throw Icicle (safe; 1% risk of failure)
Confirm with . or Enter, or press ? or * to list all spells.
Aiming: Throw Icicle (safe; 1% risk of failure)
Press: ? - help, Shift-Dir - straight line, f/p - ice dragon
Aim: an ice dragon (moderately wounded, catching its breath, covered in acid)
Okay, then.
Casting: Throw Icicle (safe; 1% risk of failure)
Confirm with . or Enter, or press ? or * to list all spells.
Aiming: Throw Icicle (safe; 1% risk of failure)
Press: ? - help, Shift-Dir - straight line, f/p - ice dragon
Aim: an ice dragon (moderately wounded, catching its breath, covered in acid)
You feel a surge of power!
The shard of ice hits the ice dragon!!
The ice dragon partially resists.
The ice dragon is heavily wounded.
You hear a deafening roar!
The ice dragon breathes frost at you. The blast of cold hits you!!
You die...

### ##≈### #
####≈≈#≈##
##=#..≈≈≈≈≈≈#
#$$$D#≈≈≈≈≈##
#===#○○○@##########
#..D
##≈≈≈....##...##
#..
#≈≈≈#..##..#..## ..
#≈≈≈##.#..##.#.# .
#≈≈≈##...####..#
#≈≈≈###.## ##.#
#≈≈## ### #..####
#≈≈# #.###.## #≈≈
#..#...#


You could see an ice dragon.

Vanquished Creatures
  Harold (D:8)
  3 hydras
  Psyche (D:8)
  Erica (D:8)
  A two-headed ogre (D:8)
  2 ice statues (IceCv)
  A black mamba (Lair:1)
  Joseph (D:8)
  4 cane toads
  3 rime drakes
  3 komodo dragons (Lair:2)
  A troll (D:8)
  4 blink frogs
  2 dream sheep (D:8)
  5 hippogriffs
  21 yaks
  2 redbacks (Lair:2)
  A wraith (D:7)
  A hungry ghost (D:6)
  4 crocodiles
  3 water moccasins
  9 porcupines
  15 ice beasts
  2 black bears (D:8)
  A sky beast (D:4)
  A necrophage (D:8)
  5 ogres
  A centaur (D:6)
  A phantom (D:8)
  3 wolves (Lair:2)
  5 bullfrogs
  5 big kobolds
  2 scorpions
  2 centaur zombies
  5 crimson imps
  2 bullfrog zombies (D:5)
  A hound (D:4)
  A jelly (D:8)
  A bullfrog skeleton (D:7)
  2 iguanas
  6 worker ants
  2 orc wizards (D:4)
  Terence (D:2)
  A killer bee zombie (D:7)
  4 gnolls (D:5)
  6 adders
  An adder skeleton (D:8)
  An adder zombie (D:7)
  2 worms (D:2)
  A dart slug (D:2)
  6 leopard geckos
  18 orcs
  5 bats
  11 hobgoblins
  17 jackals
  14 kobolds
  5 quokkas
  5 frilled lizards
  6 goblins
  6 rats (D:2)
247 creatures vanquished.

Vanquished Creatures (others)
  40 fungi
  22 plants
62 creatures vanquished.

Grand Total: 309 creatures vanquished

Notes
Turn   | Place    | Note
-------+----------+-------------------------------------------
     0 | D:1      | Turgor the Fairy Ice Elementalist began the quest for the
                  | Orb.
     0 | D:1      | Reached XP level 1. HP: 11/11 MP: 6/6
    98 | D:1      | Reached XP level 2. HP: 17/17 MP: 8/8
   167 | D:1      | Reached skill level 4 in Ice Magic
   593 | D:1      | Reached XP level 3. HP: 21/21 MP: 9/9
   726 | D:2      | Found a corrupted altar of Lugonu.
   808 | D:2      | Noticed Terence
   813 | D:2      | Learned a level 2 spell: Throw Frost
   814 | D:2      | Killed Terence
   815 | D:2      | Reached XP level 4. HP: 27/27 MP: 11/11
   933 | D:2      | Upgraded the game from bcrawl-1.34.1 to bcrawl-1.34.2
   964 | D:2      | Learned a level 3 spell: Ozocubu's Armour
  1245 | D:2      | Found a runed door.
  1778 | D:3      | Reached skill level 5 in Ice Magic
  1854 | D:3      | Reached XP level 5. HP: 31/31 MP: 10/13
  2468 | D:4      | Noticed an ogre
  2474 | D:4      | Killed an ogre
  2475 | D:4      | Reached skill level 5 in Spellcasting
  2563 | D:4      | Noticed a sky beast
  2597 | D:4      | Killed a sky beast
  2598 | D:4      | Reached skill level 6 in Ice Magic
  2598 | D:4      | Reached XP level 6. HP: 36/36 MP: 13/16
  2773 | D:4      | Got an iridescent falchion
  2774 | D:4      | Identified the +7 falchion of Peace {holy, rN+} (You found
                  | it on level 4 of the Dungeon)
  2801 | D:4      | Found an ancient bone altar of Kikubaaqudgha.
  2899 | D:4      | Found a shattered altar of Ashenzari.
  2911 | D:4      | Reached XP level 7. HP: 41/41 MP: 12/18
  3008 | D:4      | Reached skill level 5 in Dodging
  3295 | D:4      | Reached skill level 7 in Ice Magic
  3327 | D:4      | Learned a level 4 spell: Throw Icicle
  3615 | D:5      | Entered Level 5 of the Dungeon
  3796 | D:5      | Reached XP level 8. HP: 45/46 MP: 21/21
  3953 | D:5      | Noticed a hippogriff
  3959 | D:5      | Killed a hippogriff
  3960 | D:5      | Reached skill level 8 in Ice Magic
  4755 | D:6      | Reached skill level 9 in Ice Magic
  4818 | D:6      | Found a stormy altar of Qazlal.
  5011 | D:6      | Reached XP level 9. HP: 51/51 MP: 13/24
  5042 | D:6      | Found Odocw's Food Boutique.
  5400 | D:7      | Found a staircase to the Ecumenical Temple.
  5420 | Temple   | Entered the Ecumenical Temple
  5562 | Temple   | Became a worshipper of Vehumet
  5765 | D:7      | Found a glowing golden altar of the Shining One.
  5841 | D:7      | Found a hide-covered altar of Uskayaw.
  5868 | D:7      | Reached skill level 10 in Ice Magic
  6037 | D:8      | Found an ornate altar of the Wu Jian Council.
  6037 | D:8      | Noticed a two-headed ogre
  6042 | D:8      | Killed a two-headed ogre
  6043 | D:8      | Reached skill level 10 in Spellcasting
  6117 | D:8      | Noticed a troll
  6124 | D:8      | Killed a troll
  6218 | D:8      | Reached XP level 10. HP: 46/56 MP: 20/26
  6325 | D:8      | Reached skill level 11 in Ice Magic
  6386 | D:8      | Noticed Erica
  6388 | D:8      | Noticed Harold
  6392 | D:8      | Killed Erica
  6485 | D:8      | Noticed Psyche
  6491 | D:8      | Killed Psyche
  6643 | D:8      | Reached * piety under Vehumet
  6643 | D:8      | Offered knowledge of Magic Dart by Vehumet.
  6646 | D:8      | Learned a level 1 spell: Magic Dart
  6673 | D:8      | Killed Harold
  6674 | D:8      | Reached skill level 12 in Ice Magic
  6682 | D:8      | Found a staircase to the Lair.
  6729 | D:8      | Reached XP level 11. HP: 61/61 MP: 19/29
  6981 | D:8      | Noticed Joseph
  6988 | D:8      | Killed Joseph
  7053 | D:8      | Noticed a three-headed hydra
  7059 | D:8      | Killed a three-headed hydra
  7398 | D:8      | Found a shimmering blue altar of Sif Muna.
  7407 | D:8      | Found a white marble altar of Elyvilon.
  7416 | D:8      | Found a shimmering altar of Xom.
  7425 | D:8      | Found a hazy altar of Hepliaklqana.
  7627 | Lair:1   | Entered Level 1 of the Lair of Beasts
  7644 | Lair:1   | Reached skill level 10 in Conjurations
  7812 | Lair:1   | Offered knowledge of Shock by Vehumet.
  7813 | Lair:1   | Reached skill level 13 in Ice Magic
  7817 | Lair:1   | Learned a level 1 spell: Shock
  7820 | Lair:1   | Reached ** piety under Vehumet
  7916 | Lair:1   | Reached skill level 1 in Air Magic
  8451 | D:8      | Fell from the grace of Vehumet
  8451 | D:8      | Became a worshipper of Sif Muna the Loreminder
  8773 | Lair:1   | Reached XP level 12. HP: 66/66 MP: 27/31
  9079 | Lair:2   | Reached * piety under Sif Muna
  9258 | Lair:2   | Received a gift from Sif Muna
  9348 | Lair:2   | Reached skill level 5 in Air Magic
  9560 | Lair:2   | Found a shimmering altar of Xom.
  9745 | Lair:2   | Found a hole to the Spider Nest.
  9846 | Lair:2   | Noticed a five-headed hydra
  9849 | Lair:2   | Killed a five-headed hydra
  9850 | Lair:2   | Reached skill level 14 in Ice Magic
  9892 | Lair:2   | Noticed a five-headed hydra
  9896 | Lair:2   | Killed a five-headed hydra
 10065 | Lair:3   | Found a frozen archway.
 10074 | IceCv    | Entered an ice cave
 10259 | IceCv    | Reached ** piety under Sif Muna
 10259 | IceCv    | Identified Eziustrach's Incunabulum of Damaging Dislocation
                  | (Sif Muna gifted it to you in an ice cave)
 10259 | IceCv    | Received a gift from Sif Muna
 10522 | IceCv    | Noticed an ice dragon
 10528 | IceCv    | Killed from afar by an ice dragon

Skill      XL: |  1  2  3  4  5  6  7  8  9 10 11 12 |
---------------+-------------------------------------+-----
Spellcasting   | 3 4 5 6 7 9 10 12 13 | 13.8
Ice Magic      | 4 5 6 7 9 10 12 13 14 | 14.5
Dodging        | 3 4 5 |  5.0
Conjurations   | 3 6 9 10 11 | 11.7
Air Magic      | 3 7 |  7.2
Stealth        | |  1.5

Action                   |  1- 3 |  4- 6 |  7- 9 | 10-12 || total
-------------------------+-------+-------+-------+-------++-------
Melee: Falchion          |       |       |    37 |     5 ||    42
 Fire: Blowgun           |       |     7 |       |       ||     7
 Cast: Freeze            |    43 |    56 |    26 |    51 ||   176
       Throw Frost       |       |    73 |    68 |    26 ||   167
       Throw Icicle      |       |       |    42 |   185 ||   227
       Ozocubu's Armour  |       |       |     2 |       ||     2
       Shock             |       |       |       |    23 ||    23
       Magic Dart        |       |       |       |     3 ||     3
Evoke: Wand              |     1 |       |       |     5 ||     6
  Use: Scroll            |     3 |     6 |     4 |     4 ||    17
  Eat: Chunk             |       |     7 |    14 |    15 ||    36
       Ration            |       |       |       |     1 ||     1
Armor: Skin              |     2 |     3 |     9 |    16 ||    30
Dodge: Dodged            |    24 |    16 |    44 |    71 ||   155
Block: Other             |     7 |     7 |    12 |    29 ||    55
